 Dungeon Crawl Stone Soup version 0.30-a0-782-ge64f9170bb (webtiles) character file.

Game seed: 8722925101291750267

263 DavidChitty2 the Chopper (level 6, -3/55 HPs)
             Began as a Hill Orc Fighter on Feb 23, 2023.
             Slain by a bullfrog (4 damage)
             ... in a sewer.
             The game lasted 00:03:08 (2450 turns).

DavidChitty2 the Chopper (Hill Orc Fighter)         Turns: 2450, Time: 00:03:08

Health: -3/55      AC:  7    Str: 21    XL:     6   Next: 19%
Magic:  6/6        EV:  9    Int:  8    God:
Gold:   130        SH:  4    Dex: 10    Spells: 5/5 levels left

rFire   . . .      SeeInvis .    a - +1 war axe
rCold   . . .      Faith    .    c - +0 buckler
rNeg    . . .      Spirit   .    b - +0 scale mail
rPois   .          Reflect  .    (no helmet)
rElec   .          Harm     .    e - scarf {shadows}
rCorr   .          Rampage  .    (no gloves)
Will    .....                    (no boots) Stlth
                                 (no amulet)
HPRegen 0.29/turn                (no ring)
MPRegen 0.10/turn                (no ring)

@: mighty
A: no striking features
a: no special abilities


You were in a sewer.
You visited 1 branch of the dungeon, and saw 3 of its levels.
You also visited: Sewer.

You collected 130 gold pieces.

Inventory:

Hand Weapons
 a - a +1 war axe (weapon)
Armour
 b - a +0 scale mail (worn)
 c - a +0 buckler (worn)
 e - a scarf of shadows (worn)
   (You found it on level 1 of the Dungeon)
 g - the +2 leather armour of Magic {rC+ Dex+2 Stlth+}
   (You found it on level 3 of the Dungeon)

   Dex:       It affects your dexterity (+2).
   rC:        It protects you from cold.
   Stlth:     It makes you more stealthy.
Scrolls
 f - a scroll of magic mapping
 k - 2 scrolls of identify {@r1}
 l - a scroll of torment {unknown}
Potions
 i - a potion of cancellation {unknown}
 j - a potion of brilliance
 m - a potion of attraction {unknown}
 n - a potion of curing {unknown}
 o - a potion of lignification {unknown}


   Skills:
 + Level 4.8 Fighting
 * Level 5.6 Axes
 + Level 4.4 Armour
 + Level 4.3 Shields


You had 5 spell levels left.
You didn't know any spells.
Your spell library contained the following spells:

 Spells                   Type           Power      Damage    Failure   Level
 Apportation              Tloc           0%         N/A       83%         1
 Call Canine Familiar     Summ           0%         N/A       99%         3
 Portal Projectile        Hex/Tloc       0%         N/A       99%         3
 Leda's Liquefaction      Hex/Erth       0%         N/A       100%        4
 Alistair's Intoxication  Tmut/Pois      0%         N/A       100%        5


Dungeon Overview and Level Annotations

Branches:
Dungeon (3/15)              Sewer (1/1)

Altars:
Yredelemnul


Message History

No target in view!
No target in view!
No target in view!
No target in view!
No target in view!
You see here a quokka corpse.
A bullfrog comes into view.
The bullfrog croaks.
No reachable target in view!
A bullfrog comes into view.
The bullfrog gives a loud, deep croak!
The bullfrog barely misses you. The bullfrog hits you.
You closely miss the bullfrog.
The bullfrog hits you but does no damage. x2
You closely miss the bullfrog. x2; The bullfrog hits you. x4
You barely miss the bullfrog. You hit the bullfrog.
The bullfrog hits you but does no damage.
The bullfrog hits you. The bullfrog barely misses you. The bullfrog hits you.
You closely miss the bullfrog. You slash the bullfrog!
The bullfrog hits you but does no damage.
The bullfrog closely misses you. x2; The bullfrog hits you.
* * * LOW HITPOINT WARNING * * *
You hit the bullfrog. x2; The bullfrog hits you.
* * * LOW HITPOINT WARNING * * *
The bullfrog hits you but does no damage.
The bullfrog barely misses you.
You feel very mighty all of a sudden.
The bullfrog hits you but does no damage.
The bullfrog completely misses you.
The bullfrog hits you but does no damage.
You hit the bullfrog. x2; The bullfrog hits you.
* * * LOW HITPOINT WARNING * * *
You block the bullfrog's attack.
The bullfrog hits you but does no damage. x2
You miss the bullfrog. You slash the bullfrog! The bullfrog hits you.
* * * LOW HITPOINT WARNING * * *
You block the bullfrog's attack. The bullfrog hits you!
* * * LOW HITPOINT WARNING * * *
The bullfrog hits you.
* * * LOW HITPOINT WARNING * * *
You slash the bullfrog!
You kill the bullfrog!
You miss the bullfrog. You block the bullfrog's attack. The bullfrog hits you.
* * * LOW HITPOINT WARNING * * *
You have reached level 6!
You closely miss the bullfrog. The bullfrog hits you.
* * * LOW HITPOINT WARNING * * *
The bullfrog barely misses you.
You closely miss the bullfrog. The bullfrog hits you.
You die...

#.# #.~≈~.≈~≈≈≈≈ #.# #.#
#.~≈~.≈≈≈≈≈≈~ #.# #∩#
#.~≈~.≈≈≈≈≈.~.≈≈≈≈ #.#
#.# #.~≈~~≈≈≈≈.$.~≈≈≈≈
#.# #∩#
#.~≈~~≈≈≈~?$(.≈≈≈≈ #.#
#.# #÷~≈~≈≈≈≈~.[?≈≈≈≈≈
#.# ###
#.~≈≈~≈≈~~~~~≈≈≈≈≈ #.#
#.~≈~≈~≈~~~~.~≈≈≈≈ #.#
#.~≈~≈~≈~.@†~.~≈≈# #~#
#.~≈≈~≈≈~~≈F..∩~≈# #.#
#.~≈≈~≈≈≈~≈≈~.~≈≈# #~#
#†÷≈≈~≈≈≈≈~≈≈≈~≈## #.#
#.~≈~~≈≈≈≈≈~≈≈≈≈# #.#
#.~≈~.≈≈≈≈≈≈~≈≈## #†#
#.~≈~.~~~~≈†≈≈########.#
#.~≈~~..~~†~≈≈≈≈≈~.~~~~#
#.~≈≈~~~~~~~~≈≈≈≈≈~≈~~.#


You could see a bullfrog.

Vanquished Creatures
  A bullfrog (Sewer)
  Natasha (thrice) (D:2)
  5 adders
  2 worms
  2 dart slugs
  4 endoplasms
  9 giant cockroaches
  3 goblins
  6 hobgoblins
  4 kobolds
  5 quokkas
  7 ball pythons
  5 bats
  10 frilled lizards
  5 rats
71 creatures vanquished.

Notes
Turn   | Place    | Note
-------+----------+-------------------------------------------
     0 | D:1      | DavidChitty2 the Hill Orc Fighter began the quest for the
                  | Orb.
     0 | D:1      | Reached XP level 1. HP: 19/19 MP: 1/1
    59 | D:1      | Reached skill level 3 in Axes
   150 | D:1      | Reached XP level 2. HP: 27/27 MP: 2/2
   383 | D:1      | Found a faded altar of an unknown god.
   852 | D:2      | Found a basalt altar of Yredelemnul.
   876 | D:2      | Reached XP level 3. HP: 29/33 MP: 3/3
  1640 | D:2      | Noticed Natasha
  1643 | D:2      | Killed Natasha
  1644 | D:2      | Reached skill level 4 in Axes
  1644 | D:2      | Reached XP level 4. HP: 40/40 MP: 4/4
  1931 | D:2      | Found a basalt altar of Yredelemnul.
  1933 | D:2      | Noticed Natasha
  1948 | D:2      | Killed Natasha
  2013 | D:2      | Noticed Natasha
  2019 | D:2      | Killed Natasha
  2020 | D:2      | Reached XP level 5. HP: 46/47 MP: 5/5
  2099 | D:3      | Identified the +2 leather armour of Magic {rC+ Dex+2
                  | Stlth+}
  2104 | D:3      | Found a glowing drain.
  2124 | Sewer    | Entered a sewer
  2233 | Sewer    | Reached skill level 5 in Axes
  2449 | Sewer    | Reached XP level 6. HP: 4/55 MP: 6/6
  2449 | Sewer    | HP: 1/55 [bullfrog (4)]
  2450 | Sewer    | Slain by a bullfrog

Illustrated notes

Levels and vault maps discovered:
D:1:      dpeg_arrival_morbid_curiosity, layout_basic,
          shapermc_ecumenical_altar_venn
D:2:      layout_loops_ring, basic_altar, serial_rivers,
          chequers_serial_rivers_micro_c, chequers_serial_rivers_small_3,
          chequers_serial_rivers_micro_c, chequers_serial_rivers_large_b,
          chequers_serial_rivers_micro_e, uniq_natasha
D:3:      layout_rooms, nicolae_vehumet_altar_sigil,
          cheibrodos_sewer_entry_sluice, grunt_ministairs_13
Sewer:    sewer_frog_island_01

Skill      XL: |  1  2  3  4  5 |
---------------+----------------+-----
Axes           | 3 4 5 |  5.6
Fighting       | 4 |  4.8
Armour         | 4 |  4.4
Shields        | 4 |  4.3

Action                     |  1- 3 |  4- 6 || total
---------------------------+-------+-------++-------
  Melee: War axe           |   123 |   123 ||   246
    Use: Scroll            |       |     4 ||     4
         Potion            |       |     1 ||     1
 Armour: Scale mail        |    58 |    73 ||   131
  Dodge: Dodged            |    43 |    69 ||   112
  Block: Buckler           |    27 |    31 ||    58

Table legend: (Time is in decaauts)
 A = Elapsed time spent in this place.
 B = Non-inter-level travel time spent in this place.
 C = Inter-level travel time spent in this place.
 D = Time resting spent in this place.
 E = Time spent auto-exploring this place.
 F = Levels seen in this place.
 G = Mean time per level.
                   A        B        C        D        E       F      G
               +--------+--------+--------+--------+--------+-----+--------+
         Total |   2600 |   2531 |     69 |    152 |   1745 |   4 |  650.0 |
       Dungeon |   2210 |   2141 |     69 |    152 |   1576 |   3 |  736.7 |
         Sewer |    390 |    390 |      0 |      0 |    168 |   1 |  390.0 |
               +--------+--------+--------+--------+--------+-----+--------+

Top non-repeatable levels by time:
     D:2: 1286 daAuts
     D:1: 872 daAuts
   Sewer: 390 daAuts
     D:3: 52 daAuts
